 Dungeon Crawl Stone Soup version 0.31-a0-859-g9dce7d3444 (webtiles) character file.

Game seed: 2813887719035410882

389 AdnanSaban the Shield-Bearer (level 6, 0/39 HPs)
             Began as a Gargoyle Fighter on Oct 10, 2023.
             Was an Initiate of Okawaru.
             Killed from afar by Grinder (8 damage)
             ... with a puff of flame
             ... on level 3 of the Dungeon.
             The game lasted 00:04:02 (2241 turns).

AdnanSaban the Shield-Bearer (Gargoyle Fighter)     Turns: 2241, Time: 00:04:03

Health: 0/39       AC: 12    Str: 21    XL:     6   Next: 79%
Magic:  6/6        EV:  9    Int: 14    God:    Okawaru [......]
Gold:   136        SH:  4    Dex:  4    Spells: 5/5 levels left

rFire   . . .        n - +5 mace of Yhu Huus {elec, *Rage rElec Int+5 Dex-5}
rCold   + . .        c - +0 buckler
rNeg    + . .        b - +0 scale mail
rPois   ∞            m - +0 helmet
rElec   +            (no cloak)
rCorr   .            (no gloves)
SInv    .            (no boots)
Will    .....        (no amulet) Stlth
                     h - ring of protection from cold
HPRegen 0.26/turn    (no ring)
MPRegen 0.10/turn

%: random rage (20%)
@: on berserk cooldown, slowed, very slow
A: sickness immunity, AC +4, negative energy resistance 1, electricity
resistance, torment resistance 1, petrification resistance
a: Renounce Religion


You were on level 3 of the Dungeon.
You worshipped Okawaru.
Okawaru was noncommittal.
You visited 1 branch of the dungeon, and saw 3 of its levels.

You collected 136 gold pieces.

Inventory:

Hand Weapons
 a - a +0 flail
 n - the +5 mace of Yhu Huus (weapon) {elec, *Rage rElec Int+5 Dex-5}
   (You found it on level 3 of the Dungeon)

   Int+5:     It affects your intelligence (+5).
   Dex-5:     It affects your dexterity (-5).
   rElec:     It insulates you from electricity.
   *Rage:     It berserks you when you make melee attacks (+20% chance).
Missiles
 j - 8 curare-tipped darts
 l - 2 poisoned darts (quivered)
 o - 2 boomerangs
Armour
 b - a +0 scale mail (worn)
 c - a +0 buckler (worn)
 m - a +0 helmet (worn)
Jewellery
 h - a ring of protection from cold (left hand)
Scrolls
 f - 6 scrolls of identify {unknown}
 i - a scroll of noise {unknown}
 k - a scroll of poison {unknown}
 p - a scroll of amnesia {unknown}
 r - a scroll of enchant armour {unknown}
Potions
 d - 2 potions of might
 e - a potion of enlightenment {unknown}
 g - 2 potions of mutation {unknown}
 q - a potion of invisibility {unknown}


   Skills:
 + Level 4.4 Fighting
 + Level 4.4 Maces & Flails
 + Level 4.4 Armour
 + Level 1.2 Dodging
 + Level 0.1 Stealth
 + Level 4.7 Shields
 * Level 0.6 Invocations


You had 5 spell levels left.
You didn't know any spells.
Your spell library contained the following spells:

 Spells                   Type           Power      Damage    Failure   Level
 Apportation              Tloc           0%         N/A       67%         1
 Necrotise                Necr           0%         1d4       67%         1
 Summon Small Mammal      Summ           Unusable   N/A       N/A         1

Dungeon Overview and Level Annotations

Branches:
Dungeon (3/15)

Altars:
Okawaru
Wu Jian

Annotations:
D:3 Grinder


Innate Abilities, Weirdness & Mutations

You are immune to sickness and miasma.
Your stone body is resilient. (AC +4)
You are immune to poison.
You resist negative energy. (rN+)
You are resistant to electric shocks. (rElec)
You are resistant to unholy torment.
You are immune to petrification.


Message History

You are too injured to fight recklessly!
Throw: 6 darts (poison)
Press: ? - help, Q - select action, (/) - cycle Shift-Dir - straight line, f - Grinder
Aim: Grinder, carrying a wand of flame (almost dead, 42% to hit)
You throw a poisoned dart.
The poisoned dart closely misses Grinder.
Grinder gestures at you. Pain shoots through your body!
Grinder gestures at you. Pain shoots through your body!
* * * LOW HITPOINT WARNING * * *
Unknown command.
Throw: 5 darts (poison)
Press: ? - help, Q - select action, (/) - cycle Shift-Dir - straight line, f/p - Grinder
Aim: Grinder, carrying a wand of flame (almost dead, 42% to hit)
You throw a poisoned dart. The poisoned dart hits Grinder.
Grinder is almost dead.
Grinder gestures at you. You resist with significant effort.
Throw: 4 darts (poison)
Press: ? - help, Q - select action, (/) - cycle Shift-Dir - straight line, f/p - Grinder
Aim: Grinder, carrying a wand of flame (almost dead, 42% to hit)
You throw a poisoned dart.
The poisoned dart closely misses Grinder.
Grinder blinks!
You start resting.
Grinder is nearby!
Grinder gestures at you. Pain shoots through your body!
* * * LOW HITPOINT WARNING * * *
Throw: 3 darts (poison)
Press: ? - help, Q - select action, (/) - cycle Shift-Dir - straight line, f/p - Grinder
Aim: Grinder, carrying a wand of flame (severely wounded, 42% to hit)
You throw a poisoned dart. The poisoned dart hits Grinder.
Grinder is severely wounded.
Grinder zaps a wand.
The puff of flame hits you but does no damage.
Grinder zaps a wand.
The puff of flame hits you!
You die...
Grinder says, "Now the real fun starts!"

)# .# .# ## ≈# .. ##
#.# .. #..# .. ##..#
.. #..# .. ###@## ..
#....# ## ##.##.#
##..# ..# # ####..##
...# # #.#5#.#.#.#.#
# #####(..........#
# #....†#.......#.#
#####...##).........


You could see Grinder.

Vanquished Creatures
  Sigmund (D:2)
  A scorpion (D:2)
  Ijyb (D:3)
  Robin (D:2)
  5 adders
  2 worms (D:2)
  2 dart slugs (D:1)
  2 orcs (D:3)
  7 ball pythons
  6 endoplasms
  10 goblins
  16 hobgoblins
  4 jackals (D:3)
  4 kobolds
  3 quokkas
  4 bats
  3 frilled lizards (D:1)
  A rat (D:1)
73 creatures vanquished.

Notes
Turn   | Place    | Note
-------+----------+-------------------------------------------
     0 | D:1      | AdnanSaban the Gargoyle Fighter began the quest for the
                  | Orb.
     0 | D:1      | Reached XP level 1. HP: 14/14 MP: 1/1
   183 | D:1      | You fall into a shaft and drop 1 floor!
   290 | D:1      | Reached XP level 2. HP: 19/19 MP: 2/2
  1113 | D:2      | Reached XP level 3. HP: 18/24 MP: 3/3
  1252 | D:2      | Noticed a scorpion
  1260 | D:2      | Killed a scorpion
  1261 | D:2      | Reached XP level 4. HP: 26/29 MP: 4/4
  1352 | D:2      | Reached XP level 5. HP: 28/33 MP: 5/5
  1410 | D:2      | Noticed Robin
  1564 | D:2      | Killed Robin
  1625 | D:2      | Noticed Sigmund
  1682 | D:2      | Killed Sigmund
  1683 | D:2      | Reached skill level 1 in Dodging
  1683 | D:2      | Reached XP level 6. HP: 25/38 MP: 6/6
  1806 | D:3      | Identified the +5 mace of Yhu Huus {elec, *Rage rElec Int+5
                  | Dex-5}
  1845 | D:3      | Found an iron altar of Okawaru.
  1845 | D:3      | Found an ornate altar of the Wu Jian Council.
  1851 | D:3      | Became a worshipper of Warmaster Okawaru
  1877 | D:3      | Noticed Ijyb
  1916 | D:3      | Killed Ijyb
  2196 | D:3      | Found a faded altar of an unknown god.
  2212 | D:3      | Noticed Grinder
  2241 | D:3      | Killed from afar by Grinder

Illustrated notes

Levels and vault maps discovered:
D:1:      psy_arrival_basics, layout_basic
D:2:      layout_rooms, uniq_robin, uniq_sigmund
D:3:      layout_basic, nicolae_overflow_two_pavilions,
          gammafunk_temple_overflow_elements, dreamdust_ecumenical_altar_grove,
          kennysheep_cross_bottleneck, chequers_serial_rivers_room_a,
          st_stairs_4, grunt_decor_fettered, nicolae_goblin_pals, uniq_grinder

Skill      XL: |  1  2  3  4  5 |
---------------+----------------+-----
Maces & Flails | 3 4 |  4.4
Shields        | 4 |  4.7
Fighting       | 4 |  4.4
Armour         | 4 |  4.4
Dodging        | 1 |  1.2
Stealth        | |  0.1
Invocations    | |  0.6

Action                     |  1- 3 |  4- 6 || total
---------------------------+-------+-------++-------
  Melee: Flail             |    80 |    57 ||   137
         Mace              |       |    61 ||    61
  Throw: Dart              |       |     4 ||     4
 Armour: Scale mail        |    51 |   136 ||   187
  Dodge: Dodged            |    37 |    69 ||   106
  Block: Buckler           |    21 |    23 ||    44

Table legend: (Time is in decaauts)
 A = Elapsed time spent in this place.
 B = Non-inter-level travel time spent in this place.
 C = Inter-level travel time spent in this place.
 D = Time resting spent in this place.
 E = Time spent auto-exploring this place.
 F = Levels seen in this place.
 G = Mean time per level.
                   A        B        C        D        E       F      G
               +--------+--------+--------+--------+--------+-----+--------+
         Total |   2325 |   2244 |     81 |    103 |   1578 |   3 |  775.0 |
       Dungeon |   2325 |   2244 |     81 |    103 |   1578 |   3 |  775.0 |
               +--------+--------+--------+--------+--------+-----+--------+

Top non-repeatable levels by time:
     D:1: 1215 daAuts
     D:2: 621 daAuts
     D:3: 489 daAuts
